 Dungeon Crawl Stone Soup version 0.30-a0-924-g0ad0bf95bc (webtiles) character file.

Game seed: 3752971328116349708

157 Vildravn the Shooter (level 5, -4/42 HPs)
             Began as a Barachi Hunter on Mar 22, 2023.
             Killed from afar by Grinder (7 damage)
             ... with a puff of flame
             ... on level 3 of the Dungeon.
             The game lasted 00:05:18 (2836 turns).

Vildravn the Shooter (Barachi Hunter)               Turns: 2836, Time: 00:05:18

Health: -4/42      AC:  3    Str: 12    XL:     5   Next: 38%
Magic:  5/5        EV: 13    Int: 15    God:
Gold:   166        SH:  0    Dex: 18    Spells: 4/4 levels left

rFire   . . .      SeeInvis .    a - +0 shortbow
rCold   . . .      Faith    .    (shield currently unavailable)
rNeg    . . .      Spirit   .    c - +0 leather armour
rPois   .          Reflect  .    (no helmet)
rElec   .          Rampage  .    (no cloak)
rCorr   .                        (no gloves)
Will    .....                    (no boots)
Stlth   ++                       (no amulet)
HPRegen 0.27/turn                i - +6 ring of intelligence
MPRegen 0.09/turn                (no ring)

@: mighty, unable to hop, slow
A: amphibious, slowness 1, strong legs 1, +LOS, talons 1, mutation resistance 1
a: Hop


You were on level 3 of the Dungeon.
You visited 1 branch of the dungeon, and saw 3 of its levels.

You collected 166 gold pieces.

Inventory:

Hand Weapons
 a - a +0 shortbow (weapon)
Armour
 c - a +0 leather armour (worn)
Jewellery
 d - a ring of fire
 e - a ring of fire
 i - a +6 ring of intelligence (left hand)
Scrolls
 h - 2 scrolls of fog
 k - a scroll of amnesia
Potions
 g - a potion of ambrosia


   Skills:
 * Level 3.9 Fighting
 + Level 5.5 Ranged Weapons
 - Level 0.7 Armour
 * Level 3.0 Dodging
 - Level 0.8 Stealth


You had 4 spell levels left.
You didn't know any spells.
Your spell library was empty.

Dungeon Overview and Level Annotations

Branches:
Dungeon (3/15)

Altars:
Wu Jian

Shops:
D:1 (?=!:

Annotations:
D:3 Grinder


Innate Abilities, Weirdness & Mutations

You are amphibious.
You cover ground slowly.
You can hop short distances.
You have an extended range of vision and can be seen from far away.
You have sharp toenails.
You are somewhat resistant to further mutation.


Message History

Press: ? - help, Shift-Dir - straight line, f/p - Grinder
Aim: Grinder, carrying a wand of flame (11) (lightly wounded, 61% to hit)
You shoot an arrow.
The arrow hits Grinder but does no damage.
Grinder is lightly wounded.
Grinder zaps a wand.
The puff of flame hits you.
* * * LOW HITPOINT WARNING * * *
Okay, then.
You feel better.
Grinder zaps a wand.
The puff of flame hits you.
* * * LOW HITPOINT WARNING * * *
Found 6 gold pieces.
A worm comes into view.
Found a long sword.
Found 15 gold pieces.
Grinder gestures at you.
You suddenly lose the ability to move!
You can move again.
A frilled lizard comes into view.
The frilled lizard moves out of view.
You feel very mighty all of a sudden.
Grinder grins, showing sharp teeth.
Grinder zaps a wand.
The puff of flame hits you.
* * * LOW HITPOINT WARNING * * *
Really read the scroll of immolation?
Okay, then.
Really read the scroll of immolation?
As you read the scroll of immolation, it crumbles to dust.
The creatures around you are filled with an inner flame!
Grinder gestures at you.
You suddenly lose the ability to move!
Grinder zaps a wand.
The puff of flame hits you.
* * * LOW HITPOINT WARNING * * *
You can move again.
Fire: a) +0 shortbow
Press: ? - help, Shift-Dir - straight line, f/p - Grinder
Aim: Grinder, carrying a wand of flame (7) (lightly wounded, inner flame, 61% to hit)
You shoot an arrow. The arrow closely misses Grinder.
The worm closely misses you.
Grinder zaps a wand.
The puff of flame hits you!
You die...

# #.# #. #.# ##.#
#5# ##...# #.#
##$....# #.#
........ #.#
#....).. #.#
#..$....########.#
.......w@..5.....#
###...############
#.


You could see Grinder (inner flame) and a worm (inner flame).

Vanquished Creatures
  Robin (D:2)
  4 gnolls
  3 adders
  3 worms
  4 dart slugs
  A ball python (D:2)
  4 bats
  7 endoplasms
  A giant cockroach (D:3)
  14 goblins
  8 hobgoblins
  A quokka (D:2)
  3 frilled lizards
  4 kobolds
  8 rats
66 creatures vanquished.

Notes
Turn   | Place    | Note
-------+----------+-------------------------------------------
     0 | D:1      | Vildravn the Barachi Hunter began the quest for the Orb.
     0 | D:1      | Reached XP level 1. HP: 17/17 MP: 1/1
   328 | D:1      | Found Tuan's Magic Scroll Shop.
   332 | D:1      | Reached XP level 2. HP: 23/23 MP: 2/2
   579 | D:1      | Found Dusk's Distillery.
   621 | D:1      | Found Rijekhlu's Antique Weapon Shop.
   624 | D:1      | Gained mutation: You have sharp toenails. [potion of
                  | mutation]
   624 | D:1      | Gained mutation: You are somewhat resistant to further
                  | mutation. [potion of mutation]
   739 | D:1      | Found Nagoxt's Jewellery Shoppe.
   773 | D:1      | Found Fanuzxas's Book Shoppe.
  1056 | D:2      | Noticed Robin
  1058 | D:2      | Reached XP level 3. HP: 29/29 MP: 3/3
  1249 | D:2      | Killed Robin
  1302 | D:2      | Reached XP level 4. HP: 35/35 MP: 4/4
  1540 | D:2      | Reached skill level 5 in Ranged Weapons
  2541 | D:3      | Found an ornate altar of the Wu Jian Council.
  2552 | D:3      | Found a faded altar of an unknown god.
  2631 | D:3      | Reached XP level 5. HP: 42/42 MP: 5/5
  2809 | D:3      | Noticed Grinder
  2829 | D:3      | Paralysed by Grinder for 2 turns
  2833 | D:3      | Paralysed by Grinder for 3 turns
  2836 | D:3      | Killed from afar by Grinder

Illustrated notes

Levels and vault maps discovered:
D:1:      minmay_arrival_wavy_path, layout_loops_cross, serial_shops,
          nicolae_shop_hallway_stairs, nicolae_shop_stone, shop,
          nicolae_square_shop, nicolae_square_shop
D:2:      layout_basic, chequers_garden, uniq_robin
D:3:      layout_loops_ring, nzn_wu_jian_contemplation, basic_ecumenical_altar,
          serial_glass, glass_columns_b, glass_columns_b, glass_columns_b,
          glass_columns_a, uniq_grinder

Skill      XL: |  1  2  3  4  5 |
---------------+----------------+-----
Fighting       | 3 |  3.9
Ranged Weapons | 5 |  5.5
Dodging        | 3 |  3.0
Armour         | |  0.7
Stealth        | |  0.8

Action                     |  1- 3 |  4- 6 || total
---------------------------+-------+-------++-------
   Fire: Shortbow          |    84 |   101 ||   185
Ability: Hop               |     1 |     2 ||     3
    Use: Potion            |     4 |     4 ||     8
         Scroll            |     5 |     4 ||     9
 Armour: Leather armour    |    14 |     5 ||    19
  Dodge: Dodged            |    36 |    19 ||    55

Table legend: (Time is in decaauts)
 A = Elapsed time spent in this place.
 B = Non-inter-level travel time spent in this place.
 C = Inter-level travel time spent in this place.
 D = Time resting spent in this place.
 E = Time spent auto-exploring this place.
 F = Levels seen in this place.
 G = Mean time per level.
                   A        B        C        D        E       F      G
               +--------+--------+--------+--------+--------+-----+--------+
         Total |   3252 |   3166 |     86 |    657 |   2040 |   3 | 1084.0 |
       Dungeon |   3252 |   3166 |     86 |    657 |   2040 |   3 | 1084.0 |
               +--------+--------+--------+--------+--------+-----+--------+

Top non-repeatable levels by time:
     D:2: 1680 daAuts
     D:1: 1143 daAuts
     D:3: 428 daAuts
